 Dungeon Crawl Stone Soup version 0.17-a0-1997-ga88ed7d (webtiles) character file.

1148 Ordine the Skirmisher (level 8, -5/60 HPs)
             Began as an Octopode Fighter on Oct 8, 2015.
             Killed from afar by alpinistek's ghost (10 damage)
             ... with a puff of flame
             ... on level 5 of the Dungeon.
             The game lasted 00:11:59 (4931 turns).

Ordine the Skirmisher (Octopode Fighter)            Turns: 4931, Time: 00:11:59

Health: -5/60      AC:  1    Str: 15    XL:     8   Next: 38%
Magic:  8/8        EV: 11    Int: 10    God:
Gold:   199        SH: 10    Dex: 14    Spells: 0 memorised, 7 levels left

rFire  . . .     SeeInvis .     a - +1 long sword
rCold  . . .     Clarity  .     b - +1 shield
rNeg   . . .     SustAt   .     (helmet restricted)
rPois  .         Gourm    .     (no amulet)
rElec  .         Spirit   .     (no ring)
rCorr  .         Warding  .     (no ring)
rMut   .         Stasis   .     (no ring)
MR     .....                    (no ring)
Stlth  ++........               (no ring)
                                (no ring)
                                (no ring)
                                (no ring)

@: not resistant to hostile enchantments, unstealthy
A: almost no armour, amphibious, 8 rings, constrict 8, camouflage 1, gelatinous
body 1
a: no special abilities


You were on level 5 of the Dungeon.
You were hungry.

You visited 1 branch of the dungeon, and saw 5 of its levels.

You collected 199 gold pieces.

Inventory:

Hand Weapons
 a - a +1 long sword (weapon)
Missiles
 i - 176 stones (quivered)
Armour
 b - a +1 shield (worn)
Wands
 p - a wand of digging (0)
Scrolls
 c - 4 scrolls of identify
 e - a scroll of remove curse
 g - 3 scrolls of teleportation
 n - a scroll of magic mapping
Potions
 k - 4 potions of cure mutation
 m - 2 potions of brilliance
Books
 l - a book of Debilitation

   Spells                             Type                      Level
   a - Corona                         Hexes                        1
   b - Slow                           Hexes                        2
   c - Gell's Gravitas                Hexes/Translocation          3
   d - Inner Flame                    Hexes/Fire                   3
   e - Cause Fear                     Hexes                        4
   f - Leda's Liquefaction            Hexes/Earth                  4
Comestibles
 d - 3 bread rations
 f - 2 beef jerkies
 j - 3 meat rations


   Skills:
 + Level 7.5 Fighting
 + Level 7.1 Long Blades
 - Level 3.0 Dodging
 - Level 3.0 Shields


You had 7 spell levels left.
You didn't know any spells.

Dungeon Overview and Level Annotations

Branches:
Dungeon (5/15)
 Temple: D:4-7

Altars:
Ashenzari
Cheibriados
Elyvilon
Fedhas
Kikubaaqudgha
Makhleb
Nemelex Xobeh
Okawaru
Trog

Annotations:
D:5 alpinistek's ghost, amateur DsFE


Innate Abilities, Weirdness & Mutations

You cannot wear most types of armour.
You are amphibious.
You can wear up to eight rings at the same time.
You can use your tentacles to constrict eight enemies at once.
Your skin changes colour to match your surroundings (Stealth).
Your rubbery body absorbs attacks (AC +1).


Message History

Alpinistek's ghost is almost destroyed.
Alpinistek's ghost hits you.
You hit alpinistek's ghost but do no damage.
Alpinistek's ghost is severely damaged.
Alpinistek's ghost gestures at you while chanting.
The puff of flame hits you!
* * * LOW HITPOINT WARNING * * *
Drink which item? (? for menu, Esc to quit)
You feel better. Alpinistek's ghost hits you.
* * * LOW HITPOINT WARNING * * *
Drink which item? (? for menu, Esc to quit)
You feel better.
Alpinistek's ghost casts a spell at you.
The puff of flame hits you!
* * * LOW HITPOINT WARNING * * *
You hit alpinistek's ghost but do no damage.
Alpinistek's ghost is severely damaged.
Alpinistek's ghost casts a spell at you.
The puff of flame hits you!
You die...

... #...... #.# #..##.#
#.# #..##.# #.# #..##.#
#.# #..##.#
#.#####.##########..##..
..................>.##.#
.#####.###########.####
#@# #.# # #W#### #.# #
#....# #.# # #....# #.#
# #....# #.# # #.####
##.#### #... #<.....
..... #.##### ...... #.#
#


You could see alpinistek's ghost.

Vanquished Creatures
  Grinder (D:3)
  Eustachio (D:4)
  Purgy (D:3)
  2 ogres (D:4)
  Blork the orc (D:4)
  A crimson imp (D:5)
  2 orc priests (D:3)
  2 hounds (D:4)
  3 worker ants (D:4)
  Natasha (thrice) (D:4)
  A hound skeleton (D:4)
  Robin (D:4)
  4 adders
  2 gnolls (D:4)
  An ooze (D:2)
  13 worms
  12 orcs
  4 bats
  4 giant cockroaches
  14 hobgoblins
  4 jackals (D:4)
  11 kobolds
  A quokka (D:2)
  A ball python skeleton (D:4)
  2 giant geckos (D:1)
  A giant gecko skeleton (D:4)
  4 giant newts
  11 goblins
  6 rats
114 creatures vanquished.

Vanquished Creatures (others)
  A giant cockroach (D:3)
  A quokka (D:3)
  A fungus (D:2)
  A plant (D:2)
4 creatures vanquished.

Grand Total: 118 creatures vanquished

Notes
Turn   | Place    | Note
--------------------------------------------------------------
     0 | D:1      | Ordine the Octopode Fighter began the quest for the Orb.
     0 | D:1      | Reached XP level 1. HP: 16/16 MP: 1/1
   156 | D:1      | Reached XP level 2. HP: 17/21 MP: 2/2
   602 | D:2      | Found an ancient bone altar of Kikubaaqudgha.
   630 | D:2      | Reached XP level 3. HP: 21/26 MP: 3/3
  1111 | D:2      | Reached skill level 4 in Fighting
  1389 | D:2      | Reached XP level 4. HP: 29/33 MP: 4/4
  1447 | D:2      | Found a blossoming altar of Fedhas.
  1782 | D:3      | Noticed Grinder
  1813 | D:3      | Killed Grinder
  1813 | D:3      | Reached skill level 5 in Fighting
  1813 | D:3      | Reached XP level 5. HP: 11/39 MP: 5/5
  1813 | D:3      | Reached XP level 6. HP: 12/45 MP: 6/6
  2036 | D:3      | Found a bloodstained altar of Trog.
  2037 | D:3      | Found a snail-covered altar of Cheibriados.
  2039 | D:3      | Found a shattered altar of Ashenzari.
  2156 | D:3      | Found a white marble altar of Elyvilon.
  2384 | D:3      | Reached skill level 5 in Long Blades
  2797 | D:3      | Noticed Purgy
  2811 | D:3      | Killed Purgy
  2811 | D:3      | Reached XP level 7. HP: 26/51 MP: 7/7
  3007 | D:4      | Noticed Blork the orc
  3013 | D:4      | Reached skill level 6 in Fighting
  3021 | D:4      | Killed Blork the orc
  3408 | D:4      | Found a burning altar of Makhleb.
  3473 | D:4      | Noticed Robin
  3581 | D:4      | Killed Robin
  3637 | D:4      | Reached XP level 8. HP: 25/58 MP: 8/8
  3643 | D:4      | Reached skill level 7 in Fighting
  3934 | D:4      | Noticed a yak
  3971 | D:4      | Found a sparkling altar of Nemelex Xobeh.
  3974 | D:4      | Noticed Eustachio
  3985 | D:4      | Killed Eustachio
  4038 | D:4      | Found an iron altar of Okawaru.
  4232 | D:4      | Noticed Natasha
  4240 | D:4      | Killed Natasha
  4433 | D:4      | Noticed Natasha
  4447 | D:4      | Killed Natasha
  4607 | D:4      | Noticed Natasha
  4609 | D:4      | Killed Natasha
  4801 | D:5      | Entered Level 5 of the Dungeon
  4801 | D:5      | Noticed alpinistek's ghost (amateur DsFE)
  4931 | D:5      | Killed from afar by alpinistek's ghost

Vault maps used:
D:1:      dpeg_arrival_brainrot, serial_bayou_pond_d
D:2:      fedhas_altar_3, kiku_gazebo_garden_becter, minmay_misc_feat_tower,
          st_stairs_3, mrwooster_statue_mirror
D:3:      grunt_temple_overflow_open, elyvilon_altar_4, first_bread,
          uniq_grinder, uniq_purgy
D:4:      minmay_opposing_rooms, lemuel_doored_altar, old_standard_altar,
          hangedman_feature_mirror, okawaru_altar_gauntlet_db, uniq_robin,
          uniq_natasha, uniq_blork_the_orc, uniq_eustachio
D:5:      serial_shops, shop, kennysheep_generic_room_5, uniq_duvessa,
          uniq_prince_ribbit1

Action                   |  1- 3 |  4- 6 |  7- 9 || total
-------------------------+-------+-------+-------++-------
Melee: Long sword        |    63 |    91 |   117 ||   271
Throw: Stone             |       |     1 |     1 ||     2
  Use: Scroll            |       |     8 |     3 ||    11
       Potion            |       |     2 |     4 ||     6
 Stab: Sleeping          |     5 |     3 |     3 ||    11
       Distracted        |       |     1 |       ||     1
  Eat: Chunk             |     1 |     5 |     6 ||    12
